 Dungeon Crawl Stone Soup version 0.28.0-1-gb440e238dd (webtiles) character file.

Game seed: 10876343275207459082

160 Ablot the Grasshopper (level 5, -3/43 HPs)
             Began as a Gnoll Warper on Feb 21, 2022.
             Killed by nerve-wracking pain
             ... invoked by Grinder
              (13 damage)
             ... while paralysed by Grinder
             ... on level 3 of the Dungeon.
             The game lasted 00:03:58 (3310 turns).

Ablot the Grasshopper (Gnoll Warper)                Turns: 3310, Time: 00:03:59

Health: -3/43      AC:  4    Str: 12    XL:     5   Next: 41%
Magic:  12/12      EV:  2    Int: 13    God:
Gold:   89         SH:  0    Dex: 11    Spells: 12/14 levels left

rFire   + . .      SeeInvis .   o - +1 dagger (venom)
rCold   . . .      Faith    .   (no shield)
rNeg    . . .      Spirit   .   b - +0 leather armour
rPois   .          Reflect  .   x - +0 helmet
rElec   .          Harm     .   (no cloak)
rCorr   .          Rampage  .   (no gloves)
Will    .....                   (no boots)
Stlth   +.........              (no amulet)
HPRegen 0.14/turn               n - ring of protection from fire
MPRegen 0.13/turn               (no ring)

@: paralysed
A: fangs 1, strong nose, distributed training
a: no special abilities


You were on level 3 of the Dungeon.
You visited 1 branch of the dungeon, and saw 3 of its levels.

You collected 89 gold pieces.

Inventory:

Hand Weapons
 a - a +0 trident
 o - a +1 dagger of venom (weapon)
Missiles
 d - 5 boomerangs of dispersal
 g - 26 bolts
 h - 28 arrows
 l - 170 stones
 p - 2 javelins (quivered)
 s - 12 sling bullets
 w - 3 poisoned darts
Armour
 b - a +0 leather armour (worn)
 x - a +0 helmet (worn)
Jewellery
 n - a ring of protection from fire (left hand)
Scrolls
 c - a scroll of blinking
 e - 3 scrolls of identify {unknown}
 f - a scroll of fear {unknown}
 q - a scroll of enchant armour {unknown}
 v - a scroll of magic mapping {unknown}
 y - a scroll of immolation {unknown}
Potions
 i - 2 potions of ambrosia {unknown}
 j - a potion of magic {unknown}
 k - a potion of lignification {unknown}
 m - a potion of might {unknown}
 r - a potion of cancellation {unknown}
 t - 2 potions of curing {unknown}
 u - a potion of mutation {unknown}
 z - a potion of flight {unknown}
 A - a potion of invisibility {unknown}
 B - a potion of heal wounds {unknown}


   Skills:
 + Level 4.8 Fighting
 + Level 1.4 Short Blades
 + Level 1.4 Long Blades
 + Level 1.4 Axes
 + Level 1.4 Maces & Flails
 + Level 4.8 Polearms
 + Level 1.4 Staves
 + Level 1.4 Slings
 + Level 1.4 Bows
 + Level 1.4 Crossbows
 + Level 3.0 Throwing
 + Level 3.0 Armour
 + Level 4.8 Dodging
 + Level 1.4 Stealth
 + Level 1.4 Shields
 + Level 1.4 Unarmed Combat
 + Level 5.2 Spellcasting
 + Level 1.1 Conjurations
 + Level 1.1 Hexes
 + Level 1.1 Summonings
 + Level 1.1 Necromancy
 + Level 5.5 Translocations
 + Level 1.1 Transmutations
 + Level 1.1 Fire Magic
 + Level 1.1 Ice Magic
 + Level 1.1 Air Magic
 + Level 1.1 Earth Magic
 + Level 1.1 Poison Magic
 + Level 1.6 Invocations
 + Level 1.4 Evocations


You had 12 spell levels left.
You knew the following spells:

 Your Spells              Type           Power      Damage    Failure   Level
a - Blink                 Tloc           34%        N/A       3%          2

Your spell library contained the following spells:

 Spells                   Type           Power      Damage    Failure   Level
 Gell's Gravitas          Tloc           17%        N/A       7%          3
 Lesser Beckoning         Tloc           17%        N/A       7%          3
 Teleport Other           Tloc           17%        N/A       7%          3
 Manifold Assault         Tloc           17%        N/A       54%         5


Dungeon Overview and Level Annotations

Branches:
Dungeon (3/15)

Altars:
Hepliaklqana

Annotations:
D:3 Grinder


Innate Abilities, Weirdness & Mutations

You have very sharp teeth.
Your uncanny sense of smell can sniff out nearby items.
Your experience applies equally to all skills.


Message History

Grinder comes into view.
You hit Grinder. You bite Grinder, but do no damage.
Grinder is lightly wounded.
Grinder hits you but does no damage.
You hit Grinder. You bite Grinder.
Grinder is lightly wounded.
Grinder hits you.
You writhe in agony.
You barely miss Grinder.
Grinder is lightly wounded.
Grinder barely misses you.
You hit Grinder but do no damage. Your bite misses Grinder.
Grinder is lightly wounded.
Grinder barely misses you.
You hit Grinder but do no damage.
Grinder is lightly wounded.
Grinder barely misses you.
You closely miss Grinder.
Grinder is lightly wounded.
Grinder closely misses you.
You hit Grinder.
Grinder is lightly wounded.
You hit Grinder but do no damage. You bite Grinder, but do no damage.
Grinder is lightly wounded.
Grinder hits you.
You writhe in agony.
You hit Grinder but do no damage. Your bite misses Grinder.
Grinder is lightly wounded.
Grinder hits you.
You writhe in agony.
You hit Grinder. Your bite misses Grinder.
Grinder is moderately wounded.
Grinder hits you.
You writhe in agony.
* * * LOW HITPOINT WARNING * * *
You barely miss Grinder. You punch Grinder, but do no damage.
Grinder is moderately wounded.
Grinder blinks!
Grinder blinks!
Grinder gestures at you.
You suddenly lose the ability to move!
Grinder gestures at you. Pain shoots through your body!
You die...

##.# #.#.......#
#.# #.#
##'####.#########
#.# #.#
#....##.########
#.#
#....##........#
#.#
#....#########.#
#.# #....# #.##.#
#.# ##'######
#....# #.#
#.......#
#.########.# #.#
#.......#
#.#.5.@.ยง..# #.#
#.......#
#.#.######## #.#
##.########.#.#
#.#
##..........#.#
#.#
....#########.#
#.#
....'.......#.#
#.#
....#######.#.#
#.# ....# #.#.#
#.# ##### #.#.#
#.#


You could see Grinder.

Vanquished Creatures
  Terence (D:2)
  A hound skeleton (D:3)
  Robin (D:3)
  2 adders (D:2)
  A worm (D:2)
  7 dart slugs
  7 bats
  5 endoplasms
  5 giant cockroaches
  9 goblins
  11 hobgoblins
  6 jackals
  9 ball pythons
  A frilled lizard (D:1)
  4 kobolds
  4 rats
74 creatures vanquished.

Notes
Turn   | Place    | Note
-------+----------+-------------------------------------------
     0 | D:1      | Ablot the Gnoll Warper began the quest for the Orb.
     0 | D:1      | Reached XP level 1. HP: 20/20 MP: 6/6
   152 | D:1      | Reached XP level 2. HP: 26/26 MP: 7/7
   155 | D:1      | Learned a level 2 spell: Blink
   255 | D:1      | Found a faded altar of an unknown god.
   463 | D:1      | Reached XP level 3. HP: 31/31 MP: 9/9
   473 | D:1      | Reached skill level 5 in Spellcasting
   962 | D:2      | Reached skill level 1 in Invocations
  1141 | D:2      | You fall into a shaft and drop 1 floor!
  1199 | D:2      | Reached skill level 1 in Short Blades
  1199 | D:2      | Reached skill level 1 in Long Blades
  1199 | D:2      | Reached skill level 1 in Axes
  1199 | D:2      | Reached skill level 1 in Maces & Flails
  1199 | D:2      | Reached skill level 1 in Staves
  1199 | D:2      | Reached skill level 1 in Slings
  1199 | D:2      | Reached skill level 1 in Bows
  1199 | D:2      | Reached skill level 1 in Crossbows
  1199 | D:2      | Reached skill level 1 in Stealth
  1199 | D:2      | Reached skill level 1 in Shields
  1199 | D:2      | Reached skill level 1 in Unarmed Combat
  1199 | D:2      | Reached skill level 1 in Evocations
  1418 | D:2      | Noticed Terence
  1436 | D:2      | Killed Terence
  1437 | D:2      | Reached XP level 4. HP: 12/38 MP: 11/11
  1703 | D:2      | Found a hazy altar of Hepliaklqana.
  1741 | D:2      | Reached skill level 1 in Conjurations
  1741 | D:2      | Reached skill level 1 in Hexes
  1741 | D:2      | Reached skill level 1 in Summonings
  1741 | D:2      | Reached skill level 1 in Necromancy
  1741 | D:2      | Reached skill level 1 in Transmutations
  1741 | D:2      | Reached skill level 1 in Fire Magic
  1741 | D:2      | Reached skill level 1 in Ice Magic
  1741 | D:2      | Reached skill level 1 in Air Magic
  1741 | D:2      | Reached skill level 1 in Earth Magic
  1741 | D:2      | Reached skill level 1 in Poison Magic
  2325 | D:3      | Noticed Robin
  2342 | D:3      | Reached XP level 5. HP: 37/43 MP: 12/12
  2347 | D:3      | Killed Robin
  3295 | D:3      | Noticed Grinder
  3309 | D:3      | Paralysed by Grinder for 2 turns
  3310 | D:3      | Killed from afar by Grinder

Illustrated notes

Levels and vault maps discovered:
D:1:      ebering_trefoil_twist, layout_basic, ebering_ecumenical_altar_box,
          minmay_misc_feat_cross
D:2:      minmay_alternating_diamond, layout_basic, basic_altar, uniq_terence
D:3:      layout_basic, uniq_robin, uniq_grinder

Skill      XL: |  1  2  3  4  5 |
---------------+----------------+-----
Spellcasting   | 5 |  5.2
Invocations    | 1 |  1.6
Short Blades   | 1 |  1.4
Long Blades    | 1 |  1.4
Axes           | 1 |  1.4
Maces & Flails | 1 |  1.4
Staves         | 1 |  1.4
Slings         | 1 |  1.4
Bows           | 1 |  1.4
Crossbows      | 1 |  1.4
Stealth        | 1 |  1.4
Shields        | 1 |  1.4
Unarmed Combat | 1 |  1.4
Evocations     | 1 |  1.4
Conjurations   | 1 |  1.1
Hexes          | 1 |  1.1
Summonings     | 1 |  1.1
Necromancy     | 1 |  1.1
Transmutations | 1 |  1.1
Fire Magic     | 1 |  1.1
Ice Magic      | 1 |  1.1
Air Magic      | 1 |  1.1
Earth Magic    | 1 |  1.1
Poison Magic   | 1 |  1.1
Throwing       | 3 |  3.0
Armour         | 3 |  3.0
Fighting       | |  4.8
Polearms       | |  4.8
Dodging        | |  4.8
Translocations | |  5.5

Action                   |  1- 3 |  4- 6 || total
-------------------------+-------+-------++-------
Melee: Spear             |   115 |       ||   115
       Bite              |     8 |    11 ||    19
       Dagger            |    11 |   115 ||   126
       Punch             |     1 |     5 ||     6
 Stab: Sleeping          |     2 |     3 ||     5
Armor: Leather armour    |    32 |    17 ||    49
Dodge: Dodged            |    50 |    59 ||   109
